 Dungeon Crawl Stone Soup version 0.24-a0-203-gf0bc1e9 (webtiles) character file.

Game seed: 4165665380423027036

659 Borgoz the Cutter (level 7, -6/41 HPs)
             Began as a Kobold Gladiator on Mar 27, 2019.
             Killed from afar by an orc wizard (7 damage)
             ... with a magic dart
             ... on level 4 of the Dungeon.
             The game lasted 00:06:26 (3376 turns).

Borgoz the Cutter (Kobold Gladiator)                Turns: 3376, Time: 00:06:26

Health: -6/41      AC:  3    Str: 13    XL:     7   Next: 86%
Magic:  10/10      EV: 18    Int: 10    God:
Gold:   159        SH:  0    Dex: 16    Spells: 10/10 levels left

rFire    . . .     SeeInvis .   e - +1 dagger (venom)
rCold    . . .     Gourm    .   (shield restricted)
rNeg     . . .     Faith    .   b - +0 leather armour
rPois    .         Spirit   .   v - -1 helmet (curse)
rElec    .         Reflect  .   (no cloak)
rCorr    .         Harm     .   (no gloves)
MR       .....                  (no boots)
Stlth    ++........             (no amulet)
HPRegen  0.13/turn              (no ring)
MPRegen  0.12/turn              (no ring)

@: no status effects
A: small, carnivore
a: no special abilities


You were on level 4 of the Dungeon.
You were very full.

You visited 1 branch of the dungeon, and saw 4 of its levels.

You collected 159 gold pieces.

Inventory:

Hand Weapons
 a - a +0 rapier
 e - a +1 dagger of venom (weapon)
Missiles
 d - 4 throwing nets (quivered)
Armour
 b - a +0 leather armour (worn)
 c - a +1 helmet
 v - a cursed -1 helmet (worn)
Jewellery
 y - a +3 amulet of reflection {unknown}
Wands
 x - a wand of disintegration (7)
Scrolls
 g - 2 scrolls of remove curse
 h - a scroll of teleportation
 j - 3 scrolls of enchant weapon
 l - a scroll of magic mapping {unknown}
 m - 2 scrolls of enchant armour
 t - 5 scrolls of identify
Potions
 i - a potion of lignification {unknown}
 k - 2 potions of mutation {unknown}
 n - 2 potions of curing {unknown}
 o - 2 potions of cancellation {unknown}
 p - 3 potions of degeneration {unknown}
 q - 2 potions of heal wounds
 r - a potion of might {unknown}
 s - a potion of haste
 u - a potion of ambrosia {unknown}
 w - a potion of berserk rage {unknown}
Comestibles
 f - 17 rations


   Skills:
 + Level 3.4 Fighting
 * Level 6.1 Short Blades
 + Level 3.3 Throwing
 * Level 2.7 Armour
 * Level 5.6 Dodging
 + Level 3.2 Stealth
 + Level 2.2 Spellcasting


You had 10 spell levels left.
You didn't know any spells.
Your spell library contained the following spells:

 Spells                   Type           Power        Failure   Level  Hunger
 Magic Dart               Conj           #...         36%         1    ##.....
 Searing Ray              Conj           #.....       52%         2    ###....
 Dazzling Spray           Conj/Hex       #.....       75%         3    ####...
 Force Lance              Conj/Tloc      #.......     98%         4    #####..
 Fulminant Prism          Conj/Hex       #.........   98%         4    #####..
 Iskenderun's Mystic Bla  Conj           #.......     98%         4    #####..


Dungeon Overview and Level Annotations

Branches:
Dungeon (4/15)
 Temple: D:4-7

Altars:
Nemelex Xobeh
Uskayaw
The Shining One


Innate Abilities, Weirdness & Mutations

You are small and have problems with some larger weapons.
You are carnivorous and can eat meat at any time.


Message History

The orc wizard hits you with a +0 dagger.
* * * LOW HITPOINT WARNING * * *
You miss the orc wizard.
The orc wizard is heavily wounded.
The orc wizard closely misses you.
You hit the orc wizard but do no damage.
The orc wizard is severely wounded.
The orc wizard casts a spell at you. The magic dart hits you!
* * * LOW HITPOINT WARNING * * *
You closely miss the orc wizard.
The orc wizard is heavily wounded.
The orc wizard hits you with a +0 dagger.
* * * LOW HITPOINT WARNING * * *
You hit the orc wizard but do no damage.
The orc wizard looks as sick as possible!
The orc wizard is severely wounded.
The orc wizard casts a spell at you. The magic dart hits you!
You die...

.!)# #.# #...#.##
...# #.# ♣.♣...#
.o.#
###.####♣.♣#.##
...#
#.......♣.♣..#
...#
#....[..♣.♣###
...#####..o....♣.♣
#>....(........♣.♣
#######........♣.♣
#........♣@♣
#........♣o♣#
#.....)..<..#
#...........#
..............#
..#.........[.#
.♣..........♣.♣#
.♣♣P.#.....♣.♣
♣♣P.#.###♣.♣


You could see an orc wizard.

Vanquished Creatures
  Sigmund (D:2)
  An ogre (D:4)
  A phantom (D:4)
  A hound (D:4)
  2 iguanas (D:4)
  2 orc wizards
  Terence (D:2)
  3 adders
  3 gnolls (D:3)
  6 worms
  2 dart slugs
  11 orcs
  8 giant cockroaches
  9 hobgoblins
  3 jackals (D:2)
  A quokka (D:2)
  2 ball pythons
  4 bats
  7 frilled lizards
  9 goblins
  13 kobolds
  7 rats
97 creatures vanquished.

Notes
Turn   | Place    | Note
-------+----------+-------------------------------------------
     0 | D:1      | Borgoz the Kobold Gladiator began the quest for the Orb.
     0 | D:1      | Reached XP level 1. HP: 12/12 MP: 1/1
   115 | D:1      | Reached XP level 2. HP: 17/17 MP: 2/2
   153 | D:1      | Found a sparkling altar of Nemelex Xobeh.
   793 | D:2      | Reached XP level 3. HP: 22/22 MP: 3/3
  1124 | D:2      | Noticed Terence
  1137 | D:2      | Killed Terence
  1137 | D:2      | Reached skill level 1 in Armour
  1137 | D:2      | Reached skill level 1 in Stealth
  1137 | D:2      | Reached XP level 4. HP: 14/27 MP: 5/5
  1319 | D:2      | Reached skill level 1 in Spellcasting
  1325 | D:2      | Found a hide-covered altar of Uskayaw.
  1576 | D:2      | Reached XP level 5. HP: 31/31 MP: 6/6
  1725 | D:2      | Noticed Sigmund
  1743 | D:2      | Killed Sigmund
  1743 | D:2      | Reached skill level 5 in Short Blades
  1743 | D:2      | Reached XP level 6. HP: 29/36 MP: 6/8
  2184 | D:3      | Reached skill level 5 in Dodging
  2688 | D:3      | Found a faded altar of an unknown god.
  2832 | D:3      | Reached XP level 7. HP: 41/41 MP: 9/9
  2940 | D:3      | Found a glowing golden altar of the Shining One.
  3348 | D:4      | Reached skill level 6 in Short Blades
  3375 | D:4      | HP: 1/41 [orc wizard/+0 dagger (2)]
  3376 | D:4      | Killed from afar by an orc wizard

Levels and vault maps discovered:
D:1:      scummos_arrival_hexagon, layout_loops_cross, serial_bayou_pond_d,
          nemelex_xobeh_ov_fountains_minmay
D:2:      layout_loops_ring, eat_drink_and_be_merry_uskayaw, first_ration,
          minivault_11, uniq_terence, uniq_sigmund
D:3:      corexii_shack_village, layout_rooms, nicolae_overflow_crystal_walls,
          chequers_ecumenical_altar_island
D:4:      layout_basic, serial_forest, infiniplex_forest_diagonal,
          infiniplex_forest_lined_ring, infiniplex_forest_clump_medium,
          infiniplex_forest_end_1, infiniplex_forest_clump_diagonal,
          infiniplex_forest_straight_3, infiniplex_forest_lined_2,
          infiniplex_forest_straight_3, kennysheep_generic_room_10

Skill      XL: |  1  2  3  4  5  6  7 |
---------------+----------------------+-----
Dodging        | 4 5 |  5.6
Armour         | 1 2 |  2.7
Stealth        | 1 2 3 |  3.2
Spellcasting   | 1 2 |  2.2
Short Blades   | 5 6 |  6.1
Throwing       | 3 |  3.3
Fighting       | 3 |  3.4

Action                   |  1- 3 |  4- 6 |  7- 9 || total
-------------------------+-------+-------+-------++-------
Melee: Rapier            |    35 |       |       ||    35
       Dagger            |    55 |   202 |   112 ||   369
Evoke: Wand              |       |       |     3 ||     3
  Use: Potion            |     2 |       |       ||     2
       Scroll            |       |     5 |       ||     5
 Stab: Sleeping          |       |     3 |     1 ||     4
  Eat: Chunk             |     8 |     7 |     1 ||    16
Armor: Leather armour    |    11 |    21 |     8 ||    40
Dodge: Dodged            |    54 |   138 |    50 ||   242

Table legend:
 A = Non-vault XP
 B = Vault XP
 C = Vault XP percentage of total XP
 D = Non-vault monster count
 E = Vault monster count
 F = Vault count percentage of total count
                 A         B        C        D         E       F
            +---------+---------+-------+---------+---------+-------
      Total |     667 |     275 |  29.2 |      88 |       9 |   9.3
            +---------+---------+-------+---------+---------+-------
        D:1 |      28 |       0 |   0.0 |      19 |       0 |   0.0
        D:2 |      74 |     261 |  77.9 |      26 |       2 |   7.1
        D:3 |     172 |      14 |   7.5 |      36 |       7 |  16.3
        D:4 |     393 |       0 |   0.0 |       7 |       0 |   0.0
            +---------+---------+-------+---------+---------+-------
